 Dungeon Crawl Stone Soup version 0.30-a0-782-ge64f9170bb (webtiles) character file.

Game seed: 1911399397685130060

39 mopl the Insei (level 3, -7/27 HPs)
             Began as a Djinni Transmuter on Feb 27, 2023.
             Mangled by a gnoll
             ... wielding a +1 flail of venom
              (10 damage)
             ... on level 2 of the Dungeon.
             The game lasted 00:01:05 (808 turns).

mopl the Insei (Djinni Transmuter)                   Turns: 808, Time: 00:01:06

Health: -7/27      AC:  2    Str: 11    XL:     3   Next: 70%
Gold:   39         EV: 12    Int: 14    God:
                   SH:  0    Dex: 13

rFire   + + .      SeeInvis .      - Unarmed
rCold   x . .      Faith    .    (no shield)
rNeg    . . .      Spirit   .    a - +0 robe
rPois   ∞          Reflect  .    (no helmet)
rElec   .          Harm     .    (no cloak)
rCorr   .          Rampage  .    (no gloves)
Will    .....                    (boots unavailable)
Stlth   +                        f - amulet of regeneration
HPRegen 1.04/turn                (no ring)
MPRegen 0.00/turn                (no ring)

@: flying
A: sickness immunity, fire resistance 2, cold vulnerability 1, float, innate
caster, HP casting, extra vitality 1
a: no special abilities


You were on level 2 of the Dungeon.
You visited 1 branch of the dungeon, and saw 2 of its levels.

You collected 39 gold pieces.

Inventory:

Hand Weapons
 e - a +1 dagger of flaming
Armour
 a - a +0 robe (worn)
Jewellery
 f - an amulet of regeneration (around neck)
Scrolls
 c - 2 scrolls of identify {unknown}
 g - a scroll of blinking {unknown}
Potions
 b - a potion of lignification {!q}
 d - a potion of invisibility {unknown}
 h - a potion of degeneration {unknown}


   Skills:
 - Level 1.0 Fighting
 - Level 2.1 Dodging
 * Level 4.0 Unarmed Combat
 + Level 2.0 Spellcasting


You couldn't memorise any spells.
You knew the following spells:

 Your Spells              Type           Power      Damage    Failure   Level
a - Beastly Appendage     Tmut           14%        N/A       10%         1
b - Spider Form           Tmut/Pois      7%         N/A       30%         3
c - Summon Small Mammal   Summ           28%        N/A       10%         1
d - Ice Form              Ice/Tmut       7%         N/A       69%         4
w - Wereblood             Tmut           7%         N/A       16%         2
Your spell library was empty.

Dungeon Overview and Level Annotations

Branches:
Dungeon (2/15)

Altars:


Innate Abilities, Weirdness & Mutations

You are immune to sickness and miasma.
You are immune to poison.
Your flesh is very heat resistant. (rF++)
You are vulnerable to cold. (rC-)
You float through the air rather than walking.
You learn spells naturally, not from books.
Your magical power is your life essence.
You have superior vitality. (+4 MHP)


Message History

The kobold is moderately wounded.
The kobold hits you with a +0 club.
You hit the kobold but do no damage.
The kobold is heavily wounded.
The kobold barely misses you.
You barely miss the kobold.
The kobold is heavily wounded.
Your magical contamination has completely faded away.
You hit the kobold.
You kill the kobold!
No target in view!
Things that are here:
a +0 spear; a gnoll corpse 2 gnolls come into view.
A gnoll is wielding a +1 flail of venom.
The gnoll shouts!
A gnoll comes into view. It is wielding a +0 flail.
The gnoll shouts! x2
Your transformation has ended.
Your +0 robe unmelds from your body.
You see here a giant cockroach corpse.
The gnoll throws a throwing net.
The throwing net hits you.
You become entangled in the net!
You see here a throwing net.
You tear a large gash into the net.
You struggle against the net.
The gnoll barely misses you.
You struggle against the net.
The gnoll hits you with a +1 flail of venom!
You rip the net and break free!
The gnoll hits you with a +1 flail of venom.
The gnoll attacks as you move away!
The gnoll hits you with a +1 flail of venom.
The gnoll hits you with a +0 whip.
Things that are here:
a +0 spear; a gnoll corpse The gnoll attacks as you move away!
The gnoll hits you with a +0 whip.
* * * LOW HITPOINT WARNING * * *
The gnoll attacks as you move away!
The gnoll hits you with a +1 flail of venom!
You die...

####....#....
#.........
##........
#..#.....
#........#
#†.......##
#g........#
#gg.......#..
#@)...........
###..............
#..<.............
###..........#...
#..............
#...†......#...
#...).......#
#.........#.#
#####.........#


You could see 3 gnolls.

Vanquished Creatures
  A gnoll (D:2)
  2 endoplasms (D:1)
  3 giant cockroaches
  3 goblins
  A hobgoblin (D:1)
  2 jackals (D:1)
  A quokka (D:1)
  2 ball pythons (D:1)
  4 bats (D:1)
  A frilled lizard (D:1)
  5 kobolds
  2 rats
27 creatures vanquished.

Notes
Turn   | Place    | Note
-------+----------+-------------------------------------------
     0 | D:1      | mopl the Djinni Transmuter began the quest for the Orb.
     0 | D:1      | mopl set off with the following spells memorised: Beastly
                  | Appendage, Wereblood, Spider Form, Ice Form.
     0 | D:1      | Reached XP level 1. HP: 17/17 MP: 0/0
   149 | D:1      | Reached XP level 2. HP: 17/22 MP: 0/0
   450 | D:1      | Reached XP level 3. HP: 27/27 MP: 0/0
   450 | D:1      | Learned a level 1 spell: Summon Small Mammal
   731 | D:2      | Reached skill level 2 in Spellcasting
   792 | D:2      | Reached skill level 4 in Unarmed Combat
   808 | D:2      | Mangled by a gnoll

Illustrated notes

Levels and vault maps discovered:
D:1:      lightli_arrival_noodles, layout_basic, minmay_misc_feat_roman,
          solitary_fountain
D:2:      layout_rooms, chequers_ecumenical_altar_island, uniq_jessica

Skill      XL: |  1  2  3 |
---------------+----------+-----
Spellcasting   | 2 |  2.0
Unarmed Combat | 4 |  4.0
Fighting       | |  1.0
Dodging        | |  2.1

Action                     || total
---------------------------++-------
  Melee: Unarmed           ||   102
         Headbutt          ||     7
         Punch             ||     3
   Cast: Beastly Appendage ||    10
         Spider Form       ||     1
   Stab: Sleeping          ||     1
 Armour: Robe              ||    13
  Dodge: Dodged            ||    67

Table legend: (Time is in decaauts)
 A = Elapsed time spent in this place.
 B = Non-inter-level travel time spent in this place.
 C = Inter-level travel time spent in this place.
 D = Time resting spent in this place.
 E = Time spent auto-exploring this place.
 F = Levels seen in this place.
 G = Mean time per level.
                   A        B        C        D        E       F      G
               +--------+--------+--------+--------+--------+-----+--------+
         Total |    801 |    757 |     44 |      0 |    528 |   2 |  400.5 |
       Dungeon |    801 |    757 |     44 |      0 |    528 |   2 |  400.5 |
               +--------+--------+--------+--------+--------+-----+--------+

Top non-repeatable levels by time:
     D:1: 719 daAuts
     D:2: 81 daAuts
